 Dungeon Crawl Stone Soup version 0.18.1-47-g9310371 (webtiles) character file.

1871 sveltemanboy the Basher (level 9, -1/83 HPs)
             Began as an Ogre Hunter on June 17, 2016.
             Was a Priest of Okawaru.
             Slain by an orc warrior
             ... wielding a +0 battleaxe
              (29 damage)
             ... on level 6 of the Dungeon.
             The game lasted 00:16:45 (6501 turns).

sveltemanboy the Basher (Ogre Hunter)               Turns: 6501, Time: 00:16:46

Health: -1/83      AC:  7    Str: 22    XL:     9   Next: 13%
Magic:  12/12      EV:  8    Int: 10    God:    Okawaru [***...]
Gold:   366        SH:  9    Dex: 10    Spells: 0 memorised, 8 levels left

rFire  + . .     SeeInvis .     q - +4 whip (elec)
rCold  x . .     Gourm    .     G - +2 robe {MR+}
rNeg   . . .     Faith    .     o - +0 shield
rPois  .         Spirit   .     (helmet restricted)
rElec  .         Dismiss  .     A - +1 cloak
rCorr  .         Reflect  .     (gloves unavailable)
SustAt .         Harm     .     (boots unavailable)
MR     +....                    (no amulet)
Stlth  +.........               (no ring)
                                y - ring of fire

@: somewhat resistant to hostile enchantments, very unstealthy
A: unfitting armour, tough skin 1
a: Heroism, Renounce Religion


You were on level 6 of the Dungeon.
You worshipped Okawaru.
Okawaru was most pleased with you.
You were not hungry.

You visited 1 branch of the dungeon, and saw 6 of its levels.
You also visited: Sewer.

You collected 366 gold pieces.

Inventory:

Hand Weapons
 q - a +4 whip of electrocution (weapon)
 F - a +1 giant spiked club
Missiles
 c - 6 large rocks (quivered)
 d - 3 throwing nets
 j - 129 stones
Armour
 o - a +0 shield (worn)
 A - a +1 cloak (worn)
 G - a +2 robe of magic resistance (worn)
Jewellery
 y - a ring of fire (left hand)
Wands
 B - a wand of flame (43/48)
 H - a wand of enslavement (11/24)
Scrolls
 e - a scroll of remove curse
 h - a scroll of enchant armour
 w - a scroll of fear
 z - 4 scrolls of identify
 D - 2 scrolls of teleportation
Potions
 a - 2 potions of heal wounds
 g - 2 potions of flight {unknown}
 i - a potion of beneficial mutation {unknown}
 k - a potion of berserk rage {unknown}
 m - a potion of resistance {unknown}
 n - a potion of mutation {unknown}
 p - a potion of brilliance {unknown}
 s - a potion of magic {unknown}
 u - 4 potions of agility
 x - 3 potions of lignification {unknown}
 C - a potion of ambrosia {unknown}
 I - 4 potions of curing {unknown}
 K - 2 potions of might {unknown}
Comestibles
 f - 3 bread rations
 l - 3 fruits
 r - 3 meat rations
 t - a slice of pizza
 v - a royal jelly


   Skills:
 + Level 3.3 Fighting
 * Level 10.6 Maces & Flails
 - Level 4.1 Throwing
 - Level 1.0 Armour
 - Level 2.1 Dodging
 - Level 0.7 Stealth
 + Level 5.0 Shields
 - Level 5.1 Invocations


You had 8 spell levels left.
You didn't know any spells.

Dungeon Overview and Level Annotations

Branches:
Dungeon (6/15)             Temple (0/1) D:4

Altars:
Ashenzari
Dithmenos
Gozag
Nemelex Xobeh
Okawaru
Pakellas
Ru
Vehumet
Xom
Yredelemnul
Zin

Shops:
D:4 :


Innate Abilities, Weirdness & Mutations

You are too large for most types of armour.
You have tough skin (AC +1).


Message History

The orc warrior is almost dead.
The orc warrior hits you with a battleaxe!!
You closely miss the orc warrior.
The orc warrior is almost dead.
You closely miss the orc warrior.
The orc warrior is almost dead.
You hit the orc warrior but do no damage.
The orc warrior is almost dead.
The orc warrior hits you with a battleaxe!!
* * * LOW HITPOINT WARNING * * *
You are too injured to fight recklessly!
Drink which item? (? for menu, Esc to quit)
You feel much better.
The orc warrior hits you with a battleaxe!
You closely miss the orc warrior.
The orc warrior is almost dead.
You closely miss the orc warrior.
The orc warrior is almost dead.
The orc warrior hits you with a battleaxe!!
You die...

##############
#...[.@o((..((
#.###########.
#..........
########.########.
..........#
.#######..#####
##..).#...
##.....#.#
###.....[..#


You could see an orc warrior.

Vanquished Creatures
  Pikel (D:4)
  The ghost of KrisztiCat the Digger, an amateur GrEE (D:4)
  Duvessa (D:4)
  A slave (D:3)
  A phantom (D:4)
  2 ogres (D:4)
  2 centaurs
  A big kobold (Sewer)
  Dowan (D:4)
  3 hounds (D:5)
  A giant frog skeleton (D:4)
  Crazy Yiuf (D:4)
  4 orc priests
  An orc wizard (D:5)
  A centaur skeleton (D:4)
  5 worker ants
  4 adders
  3 oozes
  4 worms
  4 giant geckos
  16 orcs
  10 giant cockroaches
  8 goblins
  10 hobgoblins
  5 quokkas
  5 ball pythons
  A ball python zombie (D:5)
  5 bats
  6 giant newts
  22 kobolds
  14 rats
144 creatures vanquished.

Notes
Turn   | Place    | Note
--------------------------------------------------------------
     0 | D:1      | sveltemanboy the Ogre Hunter began the quest for the Orb.
     0 | D:1      | Reached XP level 1. HP: 22/22 MP: 1/1
   345 | D:1      | Reached XP level 2. HP: 27/29 MP: 2/2
   573 | D:1      | Reached skill level 1 in Maces & Flails
  1456 | D:1      | Reached XP level 3. HP: 37/37 MP: 3/3
  1676 | D:2      | Found a shadowy altar of Dithmenos.
  1679 | D:2      | Found a radiant altar of Vehumet.
  1683 | D:2      | Found a shimmering altar of Xom.
  1683 | D:2      | Found a basalt altar of Yredelemnul.
  1683 | D:2      | Found a shattered altar of Ashenzari.
  1684 | D:2      | Found a sparkling altar of Nemelex Xobeh.
  1807 | D:2      | Reached skill level 1 in Armour
  2002 | D:2      | Found a sacrificial altar of Ru.
  2268 | D:2      | Reached skill level 2 in Maces & Flails
  2486 | D:2      | Reached XP level 4. HP: 45/45 MP: 4/4
  2529 | D:2      | Reached skill level 3 in Maces & Flails
  2979 | D:3      | Reached skill level 1 in Shields
  3107 | D:3      | Found an iron altar of Okawaru.
  3182 | D:3      | Reached XP level 5. HP: 53/53 MP: 5/5
  3390 | D:3      | Reached skill level 4 in Maces & Flails
  3549 | D:3      | Became a worshipper of Warmaster Okawaru
  3591 | D:4      | Noticed a slave
  3593 | D:4      | Noticed a slave
  3597 | D:4      | Noticed a slave
  3607 | D:4      | Noticed Pikel
  3618 | D:3      | Killed a slave
  3891 | D:4      | Noticed a phantom
  3914 | D:4      | Killed a phantom
  3914 | D:4      | Reached skill level 5 in Maces & Flails
  3914 | D:4      | Reached skill level 1 in Invocations
  3914 | D:4      | Reached XP level 6. HP: 31/61 MP: 5/7
  4129 | D:4      | Found Echeituh's Book Shop.
  4166 | D:4      | Noticed Duvessa
  4184 | D:4      | Noticed Dowan
  4185 | D:4      | Killed Duvessa
  4251 | D:4      | Killed Dowan
  4251 | D:4      | Reached * piety under Okawaru
  4459 | D:4      | Reached skill level 6 in Maces & Flails
  4476 | D:4      | Reached XP level 7. HP: 64/67 MP: 8/8
  4609 | D:4      | Noticed Crazy Yiuf
  4610 | D:4      | Killed Crazy Yiuf
  4799 | D:4      | Reached skill level 7 in Maces & Flails
  4808 | D:4      | Killed Pikel
  4808 | D:4      | Reached ** piety under Okawaru
  4808 | D:4      | Reached skill level 8 in Maces & Flails
  4808 | D:4      | Reached XP level 8. HP: 56/75 MP: 9/11
  4874 | D:4      | Reached *** piety under Okawaru
  4874 | D:4      | Reached skill level 9 in Maces & Flails
  5045 | D:4      | Found a staircase to the Ecumenical Temple.
  5058 | D:4      | Noticed KrisztiCat's ghost (amateur GrEE)
  5078 | D:4      | Killed KrisztiCat's ghost
  5404 | D:5      | Entered Level 5 of the Dungeon
  5412 | D:5      | Received a gift from Okawaru
  5625 | D:5      | Reached skill level 5 in Invocations
  5693 | D:5      | Reached skill level 10 in Maces & Flails
  5790 | D:5      | Found a glowing silver altar of Zin.
  5792 | D:5      | Found an opulent altar of Gozag.
  5885 | D:5      | Found a glowing drain.
  5934 | Sewer    | Entered a sewer
  6016 | Sewer    | Reached XP level 9. HP: 82/83 MP: 12/12
  6338 | D:5      | Found an oddly glowing altar of Pakellas.
  6478 | D:6      | Reached skill level 5 in Shields
  6501 | D:6      | Slain by an orc warrior

Skill      XL: |  1  2  3  4  5  6  7  8  9 |
---------------+----------------------------+-----
Dodging        | 2 |  2.1
Fighting       | 3 |  3.3
Maces & Flails | 1 2 3 5 6 8 10 | 10.6
Armour         | 1 |  1.0
Shields        | 1 2 4 5 |  5.0
Invocations    | 1 2 4 5 |  5.1
Throwing       | |  4.1
Stealth        | |  0.7

Action                   |  1- 3 |  4- 6 |  7- 9 || total
-------------------------+-------+-------+-------++-------
Melee: Unarmed           |    18 |       |       ||    18
       Whip              |   132 |    89 |   220 ||   441
Throw: Large rock        |     2 |    10 |     9 ||    21
       Stone             |    37 |    34 |     2 ||    73
  Use: Scroll            |       |     4 |     6 ||    10
       Potion            |       |     2 |     1 ||     3
 Stab: Sleeping          |     3 |       |       ||     3
  Eat: Chunk             |     5 |     6 |     7 ||    18
Armor: Robe              |    29 |     8 |    37 ||    74
       Skin              |       |     1 |       ||     1
Dodge: Dodged            |    62 |    23 |    37 ||   122
Block: Shield            |       |    11 |    54 ||    65
